 Dungeon Crawl Stone Soup version 0.23.2 (webtiles) character file.

Game seed: 10602767364584642703

53 Zefie the Sneak (level 3, -1/24 HPs)
             Began as a Vampire Ice Elementalist on Apr 12, 2019.
             Slain by a worm (10 damage)
             ... on level 1 of the Dungeon.
             The game lasted 00:19:05 (1878 turns).

Zefie the Sneak (Vampire Ice Elementalist)          Turns: 1878, Time: 00:19:06

Health: -1/24      AC:  0    Str:  7    XL:     3   Next: 64%
Magic:  2/6        EV: 21    Int: 18    God:
Gold:   32         SH:  0    Dex: 19    Spells: 3/6 levels left

rFire    . . .     SeeInvis +   (weapon currently unavailable)
rCold    . . .     Gourm    .   (shield currently unavailable)
rNeg     + . .     Faith    .   (armour currently unavailable)
rPois    .         Spirit   .   (helmet currently unavailable)
rElec    .         Reflect  .   (cloak currently unavailable)
rCorr    .         Harm     .   (gloves currently unavailable)
MR       .....                  (boots currently unavailable)
Stlth    +++++.....             (no amulet)
HPRegen  0.08/turn              (ring currently unavailable)
MPRegen  0.10/turn              (ring currently unavailable)

@: bat-form, flying, very quick
A: tiny, fangs 3, see invisible
a: End Transformation


You were on level 1 of the Dungeon.
You were not thirsty.
You were in vampire-bat-form.
You visited 1 branch of the dungeon, and saw 2 of its levels.

You collected 32 gold pieces.

Inventory:

Hand Weapons
 b - a +0 club (melded)
 k - a +0 dagger
 l - a +1 hunting sling of flaming
Armour
 a - a +0 robe (melded)
 i - a +1 hat (melded)
Scrolls
 d - a scroll of identify {unknown}
 f - a scroll of fear {unknown}
 h - 2 scrolls of random uselessness {unknown}
 j - a scroll of teleportation {unknown}
Potions
 c - 10 potions of blood
 e - 2 potions of flight
Comestibles
 g - 2 rations


   Skills:
 + Level 2.9 Dodging
 + Level 4.0 Stealth
 + Level 2.4 Spellcasting
 - Level 0.6 Conjurations
 + Level 3.5 Ice Magic


You had 3 spell levels left.
You knew the following spells:

 Your Spells              Type           Power        Failure   Level  Hunger
a - Freeze                Ice            ##..         4%          1    #......
b - Throw Frost           Conj/Ice       #.....       11%         2    ##.....

Your spell library contained the following spells:

 Spells                   Type           Power        Failure   Level  Hunger
 Ozocubu's Armour         Chrm/Ice       #.......     26%         3    ###....
 Throw Icicle             Conj/Ice       #.......     58%         4    #####..
 Summon Ice Beast         Ice/Summ       #.......     63%         4    #####..


Dungeon Overview and Level Annotations

Branches:
Dungeon (2/15)

Altars:


Innate Abilities, Weirdness & Mutations

You have razor-sharp teeth.
You have supernaturally acute eyesight. (SInv)
((You can survive without breathing.))


Message History

The ball python constricts you.
Casting: Freeze (safe; 4% risk of failure)
Confirm with . or Enter, or press ? or * to list all spells.
Aiming: Freeze (safe; 4% risk of failure)
Press: ? - help, Shift-Dir - straight line, f - worm
Aim: a worm You freeze the worm.
The worm is lightly wounded.
The ball python closely misses you. The ball python constricts you.
The rat bites you.
You escape the ball python's grasp.
The worm misses you. The rat bites you.
* * * LOW HITPOINT WARNING * * *
You climb upwards.
There is a stone staircase leading down here.
You turn into a vampire bat.
Your +0 club melds into your body.
Your +1 hat melds into your body.
Your +0 robe melds into your body.
The ball python completely misses you. The ball python closely misses you.
The ball python barely misses you. The ball python completely misses you.
The worm bites you!
You die...

###...####.........####...####.#
#......# ##...)...## ##..# #.#
#.##.#.# ##...>.## ##.# #..
#.##.#.# ##...## #.# #..
#.##.#.# ##'## #.# #.. #.##..[#
#.# #.# #.. #.###..# #.#
########.# ##. #......#
##S###........# #. #####.##
##.rb.......#### #. #.#
#...w.#.###.# #.
#.######....##.# #.# ##
#...........##.# #.#
########.......# #.# #.#..####
#.# #....# #.# ###..######.#
###############.........#


You could see a worm, a ball python and a rat.

Vanquished Creatures
  2 adders
  A dart slug (D:2)
  5 goblins
  4 hobgoblins (D:1)
  4 jackals
  A quokka (D:2)
  A ball python (D:1)
  5 bats
  3 frilled lizards
  4 kobolds
  5 rats
35 creatures vanquished.

Notes
Turn   | Place    | Note
-------+----------+-------------------------------------------
     0 | D:1      | Zefie the Vampire Ice Elementalist began the quest for the
                  | Orb.
     0 | D:1      | Reached XP level 1. HP: 13/13 MP: 3/3
   304 | D:1      | Reached XP level 2. HP: 17/19 MP: 1/5
  1241 | D:2      | Reached XP level 3. HP: 21/24 MP: 0/6
  1382 | D:2      | Learned a level 2 spell: Throw Frost
  1435 | D:1      | Reached skill level 4 in Stealth
  1878 | D:1      | Slain by a worm

Skill      XL: |  1  2  3 |
---------------+----------+-----
Stealth        | 4 |  4.0
Dodging        | |  2.9
Spellcasting   | |  2.4
Conjurations   | |  0.6
Ice Magic      | |  3.5

Action                   || total
-------------------------++-------
Melee: Unarmed           ||     5
       Bite              ||     3
       Club              ||     7
 Cast: Freeze            ||    55
       Throw Frost       ||     7
 Abil: Bat Form          ||     2
       End Transformatio ||     1
  Use: Potion            ||     3
  Eat: Corpse            ||     2
Armor: Robe              ||    25
Dodge: Dodged            ||    81
